 Dungeon Crawl Stone Soup version 0.30-a0-591-g3c58d2bc28 (webtiles) character file.

Game seed: 15478691822861217363

466 sokol815 the Trooper (level 7, -8/44 HPs)
             Began as a Gargoyle Monk on Jan 4, 2023.
             Killed by divine providence
             ... invoked by an orc priest
              (13 damage)
             ... on level 4 of the Dungeon.
             The game lasted 00:08:12 (3731 turns).

sokol815 the Trooper (Gargoyle Monk)                Turns: 3731, Time: 00:08:12

Health: -8/44      AC: 15    Str: 17    XL:     7   Next: 8%
Magic:  7/7        EV:  7    Int: 10    God:
Gold:   214        SH:  0    Dex: 12    Spells: 6/6 levels left

rFire   . . .      SeeInvis .    a - +0 mace
rCold   . . .      Faith    .    (no shield)
rNeg    + . .      Spirit   .    f - +0 chain mail
rPois   ∞          Reflect  .    (no helmet)
rElec   +          Harm     .    m - +0 cloak
rCorr   .          Rampage  .    (no gloves)
Will    .....                    (no boots) Stlth
                                 p - amulet of regeneration
HPRegen 1.07/turn                (no ring)
MPRegen 0.10/turn                (no ring)

@: invisible
A: sickness immunity, AC +4, negative energy resistance 1, electricity
resistance, torment resistance 1, petrification resistance
a: no special abilities


You were on level 4 of the Dungeon.
You visited 1 branch of the dungeon, and saw 5 of its levels.

You collected 214 gold pieces.

Inventory:

Hand Weapons
 a - a +0 mace (weapon)
 q - a +2 trident of protection
   (You took it off an orc on level 3 of the Dungeon)
Missiles
 c - 3 boomerangs
 d - 8 poisoned darts
 s - 18 stones
Armour
 b - a +0 robe
 f - a +0 chain mail (worn)
   (You took it off an orc on level 4 of the Dungeon)
 m - a +0 cloak (worn)
   (You found it on level 3 of the Dungeon)
 n - a +0 ring mail
   (You found it on level 3 of the Dungeon)
Magical Staves
 e - a staff of conjuration
   (You found it on level 4 of the Dungeon)
Jewellery
 p - an amulet of regeneration (around neck)
   (You found it on level 3 of the Dungeon)
Scrolls
 j - 3 scrolls of poison
 V - 2 scrolls of vulnerability {!r!r}
Potions
 h - 2 potions of curing {unknown}
 l - a potion of heal wounds {unknown}
 r - a potion of attraction {!q}
 G - a potion of ambrosia {!q}
 L - 2 potions of flight
 U - 2 potions of mutation {!q}


   Skills:
 + Level 5.5 Fighting
 + Level 5.1 Maces & Flails
 + Level 4.2 Armour
 - Level 2.4 Dodging
 - Level 2.1 Stealth


You had 6 spell levels left.
You didn't know any spells.
Your spell library contained the following spells:

 Spells                   Type           Power      Damage    Failure   Level
 Blink                    Tloc           0%         N/A       100%        2
 Momentum Strike          Conj/Tloc      0%         3d8       100%        2
 Lesser Beckoning         Tloc           0%         N/A       100%        3


Dungeon Overview and Level Annotations

Branches:
Dungeon (5/15) Zot: 26198
 Temple: D:4-7

Altars:
Uskayaw

Shops:
D:2 (

Annotations:
D:2 Terence


Innate Abilities, Weirdness & Mutations

You are immune to sickness and miasma.
Your stone body is resilient. (AC +4)
You are immune to poison.
You resist negative energy. (rN+)
You are resistant to electric shocks. (rElec)
You are resistant to unholy torment.
You are immune to petrification.


Message History

The orc hits you but does no damage.
You hit the orc but do no damage. The orc misses you.
The orc hits you but does no damage.
You hit the orc.
You kill the orc!
The orc barely misses you.
You regained 2 hp, and now have 37/44 hp.
The orc hits you but does no damage.
There is a stone staircase leading down, spattered with blood here.
Things that are here:
a +0 club; a +0 chain mail; an orc corpse You barely miss the orc.
The orc completely misses you.
MP restored: 7 You thump the orc!
You kill the orc!
You see here a +0 dagger.
There is a stone staircase leading down, spattered with blood here.
Things that are here:
a +0 club; a +0 chain mail; an orc corpse
f - a +0 chain mail You start removing your armour.
You continue taking off your +0 ring mail. x4
You finish taking off your +0 ring mail.
You start putting on your armour.
You continue putting on your +0 chain mail. x5
You finish putting on your +0 chain mail.
Health restored: 44 You see here a +0 antimagic war axe.
There is a stone staircase leading down, spattered with blood here.
Things that are here:
a +0 club; an orc corpse
Things that are here:
a +0 short sword; an orc corpse
There is a stone staircase leading down, spattered with blood here.
Things that are here:
a +0 club; an orc corpse You climb downwards.
The hornet barely misses you. x2
There is a stone staircase leading up here.
You closely miss the hornet. The hornet stings you!
The orc priest casts a cantrip, but nothing happens.
The hornet stings you but does no damage.
You take 10 damage, and have 34/44 hp.
MASSIVE DAMAGE!!
The orc priest hits you but does no damage.
The hornet stings you but does no damage.
You climb upwards.
There is a stone staircase leading down, spattered with blood here.
Things that are here:
a +0 club; an orc corpse You regained 3 hp, and now have 37/44 hp.
Okay, then.
You hit the hornet but do no damage.
The hornet stings you but does no damage.
The orc priest barely misses you. The hornet stings you!
You take 11 damage, and have 26/44 hp.
MASSIVE DAMAGE!!
You completely miss the orc priest.
The hornet stings you but does no damage.
The orc priest hits you with a +0 short sword.
You take 3 damage, and have 23/44 hp.
You barely miss the orc priest.
The hornet stings you but does no damage.
The orc priest mumbles some strange prayers to Beogh against you.
You are unaffected.
The hornet barely misses you.
The orc priest hits you but does no damage.
You regained 2 hp, and now have 25/44 hp.
You hit the orc priest but do no damage.
The hornet stings you but does no damage.
The hornet barely misses you.
The orc priest hits you but does no damage.
You hit the orc priest but do no damage.
The hornet stings you but does no damage.
The orc priest looks satisfied for a moment.
The hornet stings you but does no damage.
You barely miss the orc priest.
The hornet stings you but does no damage.
The orc priest looks encouraged for a moment.
The hornet stings you but does no damage.
You barely miss the orc priest.
The orc priest hits you but does no damage.
The hornet stings you.
You take 2 damage, and have 26/44 hp.
You hit the orc priest. The hornet stings you.
The orc priest hits you but does no damage.
The hornet stings you!
* * * LOW HITPOINT WARNING * * *
You take 14 damage, and have 12/44 hp.
MASSIVE DAMAGE!!
You fade into invisibility!
The hornet stings you.
* * * LOW HITPOINT WARNING * * *
The orc priest hits you but does no damage.
You take 3 damage, and have 9/44 hp.
You hit the orc priest.
The hornet stings you but does no damage.
The orc priest barely misses you. The hornet stings you.
* * * LOW HITPOINT WARNING * * *
The orc priest invokes the aid of Beogh against you.
Beogh smites you!
You die...

############ ##########
#..........# .........#
#.########.# .#######.#
#.# #.# .#######.#### #.#
#.# .#..........# #.# #.#
.#.#........# #####.# #.#
.#..........####.y...#
#.#
.#.............)@)...#
#.#
.#..........####o###.#
##.## .#..........# #.#
#.#######...##
....#.......# #.#
#.............
......##.#######.#
#########...## ##.##.##.#
#.....# ##.###
##.##.##[###.##### #....
........<....# ####.
.#.#...#.....############
#.


You could see a hornet (unable to see you) and an orc priest (unable to see
you).

Vanquished Creatures
  Sigmund (D:2)
  An orc priest (D:3)
  A gnoll bouda (D:2)
  A jelly (D:4)
  An iguana (D:4)
  6 gnolls
  4 adders
  5 dart slugs
  10 orcs
  7 bats
  6 endoplasms
  2 giant cockroaches
  2 hobgoblins
  5 quokkas
  10 ball pythons
  4 frilled lizards
  2 goblins (D:2)
  7 kobolds
  7 rats
82 creatures vanquished.

Notes
Turn   | Place    | Note
-------+----------+-------------------------------------------
     0 | D:1      | sokol815 the Gargoyle Monk began the quest for the Orb.
     0 | D:1      | Reached XP level 1. HP: 14/14 MP: 1/1
   143 | D:1      | Reached XP level 2. HP: 18/19 MP: 2/2
   298 | D:1      | Reached skill level 1 in Armour
   954 | D:2      | Reached XP level 3. HP: 17/23 MP: 3/3
  1049 | D:2      | Found Nengoqe's Antique Weapon Emporium.
  1192 | D:2      | Noticed Sigmund
  1226 | D:2      | Killed Sigmund
  1227 | D:2      | Reached skill level 4 in Fighting
  1227 | D:2      | Reached skill level 4 in Maces & Flails
  1227 | D:2      | Reached skill level 3 in Armour
  1227 | D:2      | Reached XP level 4. HP: 14/30 MP: 4/4
  1227 | D:2      | Reached XP level 5. HP: 16/34 MP: 5/5
  1406 | D:2      | Found a hide-covered altar of Uskayaw.
  1676 | D:2      | Noticed Terence
  1734 | D:2      | You fall into a shaft and drop 2 floors!
  1927 | D:4      | Reached XP level 6. HP: 36/40 MP: 6/6
  2011 | D:3      | HP: 9/40 [gnoll/+0 spear (6)]
  2154 | D:3      | Reached skill level 5 in Fighting
  2635 | D:3      | HP: 5/40 [gnoll/+0 halberd[a gnoll bouda] (9)]
  2647 | D:3      | HP: 10/40 [gnoll/+0 halberd[a gnoll bouda] (7)]
  2887 | D:2      | Reached skill level 5 in Maces & Flails
  3037 | D:3      | Reached skill level 4 in Armour
  3635 | D:4      | Reached XP level 7. HP: 34/44 MP: 7/7
  3673 | D:5      | Entered Level 5 of the Dungeon
  3673 | D:5      | Noticed a hornet
  3730 | D:4      | HP: 9/44 [hornet (4)]
  3731 | D:4      | Killed from afar by an orc priest

Illustrated notes

Levels and vault maps discovered:
D:1:      psy_arrival_dodecagon, layout_basic, serial_curves, eino_curves_03,
          eino_curves_01, minivault_23
D:2:      minmay_alternating_diamond, layout_loops_cross, basic_altar,
          serial_shops, nicolae_shop_advertising_works
          [nicolae_subvault_shop_adworks], minmay_circle_x, uniq_terence,
          uniq_sigmund
D:3:      layout_basic
D:4:      layout_loops_ring, kennysheep_generic_room_7
D:5:      layout_rooms, tgw_xom, kennysheep_small_square

Skill      XL: |  1  2  3  4  5  6 |
---------------+-------------------+-----
Armour         | 1 3 4 |  4.2
Fighting       | 4 5 |  5.5
Maces & Flails | 4 5 |  5.1
Dodging        | |  2.4
Stealth        | |  2.1

Action                   |  1- 3 |  4- 6 |  7- 9 || total
-------------------------+-------+-------+-------++-------
Melee: Mace              |    87 |   206 |    32 ||   325
Throw: Stone             |    12 |    12 |       ||    24
  Use: Potion            |     1 |       |     1 ||     2
       Scroll            |       |     9 |       ||     9
 Stab: Sleeping          |     4 |     1 |       ||     5
       Invisible         |     1 |     1 |       ||     2
       Distracted        |       |     1 |       ||     1
Armor: Robe              |    23 |    31 |       ||    54
       Ring mail         |       |    70 |    28 ||    98
       Chain mail        |       |       |    17 ||    17
Dodge: Dodged            |    55 |   145 |    27 ||   227

Table legend: (Time is in decaauts)
 A = Elapsed time spent in this place.
 B = Non-inter-level travel time spent in this place.
 C = Inter-level travel time spent in this place.
 D = Time resting spent in this place.
 E = Time spent auto-exploring this place.
 F = Levels seen in this place.
 G = Mean time per level.
                   A        B        C        D        E       F      G
               +--------+--------+--------+--------+--------+-----+--------+
         Total |   3800 |   3648 |    152 |    327 |   2452 |   5 |  760.0 |
       Dungeon |   3800 |   3648 |    152 |    327 |   2452 |   5 |  760.0 |
               +--------+--------+--------+--------+--------+-----+--------+

Top non-repeatable levels by time:
     D:2: 1149 daAuts
     D:4: 1018 daAuts
     D:1: 817 daAuts
     D:3: 807 daAuts
     D:5: 6 daAuts

Table legend:
 A = Kills in this place as a percentage of kills in entire the game.
 B = Kills by you in this place as a percentage of kills by you in the entire game.
 C = Kills by friends in this place as a percentage of kills by friends in the entire game.
 D = Other kills in this place as a percentage of other kills in the entire game.
 E = Experience gained in this place as a percentage of experience gained in the entire game.
 F = Experience gained in this place divided by the number of levels of this place that you have seen.
                   A       B       C       D       E      F
               +-------+-------+-------+-------+-------+----------------------
         Total | 100.0 | 100.0 |   N/A |   N/A | 100.0 | 133.4
       Dungeon | 100.0 | 100.0 |   N/A |   N/A | 100.0 | 133.4
               +-------+-------+-------+-------+-------+----------------------
